 Dungeon Crawl Stone Soup version 0.31-a0-187-gba352fbbf7 (webtiles) character file.

Game seed: 1227229724181504870

837 qw the Skirmisher (level 7, 0/40 HPs)
             Began as a Deep Elf Hunter on June 22, 2023.
             Was an Initiate of Okawaru.
             Slain by a worm (3 damage)
             ... on level 5 of the Dungeon.
             The game lasted 00:01:43 (3577 turns).

qw the Skirmisher (Deep Elf Hunter)                 Turns: 3577, Time: 00:01:43

Health: 0/40       AC:  8    Str: 12    XL:     7   Next: 66%
Magic:  9/9        EV: 13    Int: 14    God:    Okawaru [......]
Gold:   207        SH:  0    Dex: 18    Spells: 6/6 levels left

rFire   + . .        Y - +2 shortbow
rCold   . . .        (shield currently unavailable)
rNeg    . . .        f - +0 ring mail
rPois   .            j - +0 helmet
rElec   .            (no cloak)
rCorr   .            (no gloves)
SInv    .            a - +1 pair of boots of the Butterfly {*Corrode Will+ Regen+ Str+2}
Will    +....        (no amulet)
Stlth   +            k - ring of protection from fire
HPRegen 1.06/turn    (no ring)
MPRegen 0.11/turn

%: corrode self (3%)
@: no status effects
A: no striking features
a: Renounce Religion


You were on level 5 of the Dungeon.
You worshipped Okawaru.
Okawaru was noncommittal.
You visited 1 branch of the dungeon, and saw 5 of its levels.
You also visited: Sewer.

You collected 207 gold pieces.


   Skills:
 - Level 2.5 Fighting
 + Level 10.6 Ranged Weapons
 - Level 1.6 Armour
 - Level 4.9 Dodging
 - Level 1.2 Stealth


You had 6 spell levels left.
You didn't know any spells.
Your spell library was empty.

Inventory:

Hand Weapons
 Y - a +2 shortbow (weapon)
Armour
 a - the +1 pair of boots of the Butterfly (worn) {*Corrode Will+ Regen+ Str+2}
   (You acquired it on level 3 of the Dungeon)

   Str:       It affects your strength (+2).
   Regen:     It increases your rate of health regeneration.
   *Corrode:  It may corrode you when you take damage.
   Will:      It increases your willpower.
 f - a +0 ring mail (worn)
 j - a +0 helmet (worn)
Jewellery
 k - a ring of protection from fire (left hand)
Scrolls
 l - a scroll of identify
Potions
 c - a potion of enlightenment {unknown}
 d - a potion of berserk rage {unknown}
 e - a potion of might
 g - 2 potions of curing
 h - 3 potions of cancellation
 m - a potion of mutation {unknown}
 n - a potion of magic {unknown}
 o - a potion of haste
 q - a potion of brilliance {unknown}

Dungeon Overview and Level Annotations

Branches:
Dungeon (5/15)              Sewer (visited)
 Temple: D:4-7

Altars:
Makhleb
Okawaru

Shops:
D:4 =

Annotations:
D:5 Pikel


Message History

The arrow hits the lemure but does no damage.
The lemure is severely wounded.
The worm bites you. The lemure hits you but does no damage.
Pikel hits you with a +1 whip of freezing.
Pikel freezes you.
You shoot an arrow. The arrow hits the lemure.
The lemure is severely wounded.
The lemure hits you!
Pikel hits you with a +1 whip of freezing.
Pikel freezes you. The lemure hits you but does no damage.
3572 ||| DRINKING potion of heal wounds.
You feel much better. The worm closely misses you. The lemure misses you.
The lemure hits you! Pikel misses you.
You shoot an arrow.
The arrow hits the lemure but does no damage.
The lemure is severely wounded.
The worm bites you. The lemure closely misses you. x2
Pikel hits you with a +1 whip of freezing.
Pikel freezes you.
You shoot an arrow. The arrow hits the lemure!
You kill the lemure!
That felt strangely unrewarding.
The lemure barely misses you. Pikel hits you but does no damage.
You shoot an arrow.
The arrow hits Pikel but does no damage.
Pikel is lightly wounded.
The worm barely misses you. The lemure hits you.
Pikel hits you with a +1 whip of freezing.
Pikel freezes you. The lemure hits you.
You shoot an arrow.
The arrow hits Pikel but does no damage.
Pikel is lightly wounded.
The lemure closely misses you.
Pikel hits you with a +1 whip of freezing.
Pikel freezes you. The lemure closely misses you.
You shoot an arrow. The arrow hits Pikel!
Pikel is moderately wounded.
The worm bites you.
You die...

..<.##+#### #.........#
#.........# +.........#
#.........# #.........#
..# ##.........# #####
..##+##.....#'####......
......#....>#...@5......
......#.....#..5Kw......
...<..#.....#...........
......#.....#.....>.....
'###..#.....#...##......
............#+### ......
######'.....# ......
##}.}.#.....+ ......
##....#.....#


You could see Pikel, 2 lemures and a worm.

Vanquished Creatures
  Grinder (Sewer)
  An ogre (D:4)
  2 lemures (D:5)
  2 kobold brigands (Sewer)
  A scorpion (D:4)
  A quasit (Sewer)
  2 orc wizards (D:4)
  Ijyb (D:5)
  2 iguanas
  4 adders
  A shadow imp (Sewer)
  A white imp (D:5)
  4 ufetubi
  An adder zombie (Sewer)
  2 worms (D:2)
  5 dart slugs
  2 orcs
  6 endoplasms
  5 giant cockroaches
  9 goblins
  7 hobgoblins
  13 jackals
  26 kobolds
  2 quokkas
  11 ball pythons
  6 bats
  A frilled lizard (D:1)
  A kobold zombie (Sewer)
  6 rats
126 creatures vanquished.

Vanquished Creatures (others)
  2 endoplasms (Sewer)
2 creatures vanquished.

Grand Total: 128 creatures vanquished

Notes
Turn   | Place    | Note
-------+----------+-------------------------------------------
     0 | D:1      | qw the Deep Elf Hunter began the quest for the Orb.
     0 | D:1      | Reached XP level 1. HP: 12/12 MP: 3/3
     0 | D:1      | 0 ||| qw: Version: 0.3-a-9-g12657ce
     0 | D:1      | 0 ||| qw: Game counter: 2055
     0 | D:1      | 0 ||| qw: Always use a shield: true
     0 | D:1      | 0 ||| qw: God list: Okawaru
     0 | D:1      | 0 ||| qw: Allow faded altars: false
     0 | D:1      | 0 ||| qw: Do Orc after D:15 true
     0 | D:1      | 0 ||| qw: Do second Lair branch before Depths: true
     0 | D:1      | 0 ||| qw: Lair rune preference: random
     0 | D:1      | 0 ||| qw: Plans: Normal
     0 | D:1      | 0 ||| PLANNING D:1-11
   109 | D:1      | Reached XP level 2. HP: 15/16 MP: 4/4
   113 | D:1      | Reached skill level 6 in Ranged Weapons
   701 | D:1      | Reached XP level 3. HP: 20/20 MP: 5/5
   972 | D:1      | 972 ||| READING scroll labelled HAMANT DUKHLUV.
   973 | D:1      | 973 ||| READING scroll labelled DOCAULEUSM.
   974 | D:1      | 974 ||| READING scroll labelled APNIUN SEDEW.
   975 | D:1      | 975 ||| DROPPING scroll of butterflies.
  1241 | D:2      | Reached skill level 7 in Ranged Weapons
  1503 | D:2      | Found a faded altar of an unknown god.
  1595 | D:2      | 1595 ||| UPGRADING to +0 ring mail.
  1605 | D:2      | 1605 ||| DROPPING +0 leather armour.
  1606 | D:2      | 1606 ||| UPGRADING to +0 helmet.
  1611 | D:2      | 1611 ||| READING scroll labelled ZEWKAR ITTOIMEN.
  1612 | D:2      | 1612 ||| READING scroll labelled CAHU PINTAMAL.
  1613 | D:2      | 1613 ||| DRINKING 2 green potions.
  1657 | D:2      | 1657 ||| DRINKING 2 emerald potions.
  1658 | D:2      | 1658 ||| DRINKING 2 glowing inky potions.
  1659 | D:2      | 1659 ||| DRINKING 2 golden potions.
  1660 | D:2      | 1660 ||| DROPPING potion of lignification.
  1678 | D:3      | 1678 ||| PLANNING SEWER
  1702 | D:3      | Reached XP level 4. HP: 8/25 MP: 6/6
  1938 | D:3      | Reached skill level 8 in Ranged Weapons
  2124 | D:3      | Found a glowing drain.
  2125 | D:3      | 2125 ||| UPGRADING to ring of protection from fire.
  2126 | D:3      | 2126 ||| READING scroll labelled USEBLOKIDO.
  2126 | D:3      | Identified a scroll of acquirement
  2126 | D:3      | 2126 ||| ACQUIRING +1 pair of boots of the Butterfly
                  | {*Corrode Will+ Regen+ Str+2}
  2126 | D:3      | Acquired the +1 pair of boots of the Butterfly {*Corrode
                  | Will+ Regen+ Str+2}
  2128 | D:3      | 2128 ||| UPGRADING to +1 pair of boots of the Butterfly
                  | {*Corrode Will+ Regen+ Str+2}.
  2133 | D:3      | 2133 ||| READING scroll labelled OXY XUOCOI.
  2134 | D:3      | 2134 ||| READING scroll labelled BIAKKE KOTU.
  2243 | Sewer    | Entered a sewer
  2284 | Sewer    | Reached XP level 5. HP: 29/29 MP: 7/7
  2390 | Sewer    | Reached skill level 9 in Ranged Weapons
  2393 | Sewer    | Reached XP level 6. HP: 32/36 MP: 8/8
  2406 | Sewer    | Reached skill level 1 in Armour
  2415 | Sewer    | Found a burning altar of Makhleb.
  2469 | Sewer    | Noticed Grinder
  2481 | Sewer    | Killed Grinder
  2482 | Sewer    | Reached XP level 7. HP: 18/40 MP: 9/9
  2607 | Sewer    | 2607 ||| READING scroll labelled VOCIK VUMUIROA.
  2608 | Sewer    | 2608 ||| READING scroll labelled SEALI CIARRI.
  2609 | Sewer    | 2609 ||| READING scroll labelled UCIFUI XUWO.
  2612 | Sewer    | 2612 ||| DRINKING 2 fizzy green potions.
  2613 | Sewer    | 2613 ||| DRINKING 2 pink potions.
  2647 | D:3      | 2647 ||| PLANNING D:1-11
  2871 | D:4      | Found Isyb's Jewellery Boutique.
  2879 | D:4      | 2879 ||| SHOPLISTING +6 ring of dexterity (468 gold, have
                  | 116).
  2879 | D:4      | 2879 ||| SHOPLISTING amulet of reflection (390 gold, have
                  | 116).
  2879 | D:4      | 2879 ||| SHOPLISTING amulet of the Four Winds {rN+ Will+++
                  | Clar} (789 gold, have 116).
  2879 | D:4      | 2879 ||| SHOPLISTING ring "Nijei" {Fire Contam Int+5} (479
                  | gold, have 116).
  2879 | D:4      | 2879 ||| SHOPLISTING ring of ice (325 gold, have 116).
  2879 | D:4      | 2879 ||| SHOPLISTING ring of poison resistance (260 gold,
                  | have 116).
  2879 | D:4      | 2879 ||| SHOPLISTING ring of protection from cold (325
                  | gold, have 116).
  2879 | D:4      | 2879 ||| SHOPLISTING ring of protection from fire (325
                  | gold, have 116).
  2955 | D:4      | 2955 ||| READING scroll of enchant weapon.
  2955 | D:4      | 2955 ||| ENCHANTING +1 shortbow.
  3126 | D:4      | HP: 3/40 [ogre/+0 giant club (18)]
  3127 | D:4      | 3127 ||| DRINKING potion of heal wounds.
  3131 | D:4      | Reached skill level 10 in Ranged Weapons
  3376 | D:4      | 3376 ||| READING 2 scrolls of identify.
  3376 | D:4      | 3376 ||| IDENTIFYING cyan potion
  3377 | D:4      | 3377 ||| DROPPING potion of invisibility.
  3409 | D:5      | Entered Level 5 of the Dungeon
  3439 | D:5      | Noticed Ijyb
  3444 | D:5      | 3444 ||| FLEEEEING.
  3445 | D:5      | 3445 ||| FLEEEEING.
  3446 | D:5      | 3446 ||| FLEEEEING.
  3447 | D:5      | 3447 ||| FLEEEEING.
  3448 | D:5      | 3448 ||| FLEEEEING.
  3450 | D:5      | 3450 ||| FLEEEEING.
  3451 | D:5      | 3451 ||| STAIRDANCE
  3471 | D:5      | Killed Ijyb
  3498 | D:5      | Found an iron altar of Okawaru.
  3500 | D:5      | Found a burning altar of Makhleb.
  3524 | D:5      | 3524 ||| PLANNING OKAWARU WORSHIP
  3536 | D:5      | Became a worshipper of Warmaster Okawaru
  3537 | D:5      | 3537 ||| PLANNING D:1-11
  3559 | D:5      | Noticed Pikel
  3571 | D:5      | HP: 10/40 [Pikel/+1 whip of freezing (2)]
  3572 | D:5      | 3572 ||| DRINKING potion of heal wounds.
  3575 | D:5      | HP: 4/40 [lemure[Pikel] (6)]
  3577 | D:5      | Slain by a worm

Levels and vault maps discovered:
D:1:      dpeg_cavernosity, layout_basic
D:2:      layout_loops_ring, shapermc_ecumenical_altar_rom_forum
D:3:      layout_rooms, portal_sewer_entry_d
D:4:      layout_basic, serial_shops, shop, minmay_fractal_squares_diagonal_5
D:5:      layout_gridville, jmf_multi_god_temple,
          minmay_temple_entry_gardened_gates, uniq_pikel, uniq_ijyb

Skill      XL: |  1  2  3  4  5  6  7 |
---------------+----------------------+-----
Ranged Weapons | 6 7 8 9 10 | 10.6
Fighting       | 2 |  2.5
Armour         | 1 |  1.6
Dodging        | 4 |  4.9
Stealth        | |  1.2

Action                     |  1- 3 |  4- 6 |  7- 9 || total
---------------------------+-------+-------+-------++-------
   Fire: Shortbow          |   114 |   163 |   127 ||   404
    Use: Scroll            |     5 |     3 |     5 ||    13
         Potion            |     4 |       |     4 ||     8
 Armour: Leather armour    |    12 |       |       ||    12
         Ring mail         |     2 |    44 |    22 ||    68
  Dodge: Dodged            |    18 |    70 |    59 ||   147

Table legend:
 A = Non-vault XP
 B = Vault XP
 C = Vault XP percentage of total XP
 D = Non-vault monster count
 E = Vault monster count
 F = Vault count percentage of total count
                 A         B        C        D         E       F
            +---------+---------+-------+---------+---------+-------
      Total |     442 |     754 |  63.0 |      75 |      49 |  39.5
            +---------+---------+-------+---------+---------+-------
        D:1 |      35 |       8 |  18.6 |      22 |       4 |  15.4
        D:2 |      34 |       0 |   0.0 |      15 |       0 |   0.0
        D:3 |      94 |      13 |  12.1 |      23 |       1 |   4.2
        D:4 |     261 |      85 |  24.6 |      10 |       9 |  47.4
        D:5 |      18 |      57 |  76.0 |       5 |       3 |  37.5
      Sewer |       0 |     591 | 100.0 |       0 |      32 | 100.0
            +---------+---------+-------+---------+---------+-------
